 Dungeon Crawl Stone Soup version 0.29.1-2-gbd0b4ee654 (webtiles) character file.

Game seed: 7470418569375367070

12266 SirBarden the Protected (level 12, -11/96 HPs)
             Began as a Formicid Fighter on Nov 17, 2022.
             Was a High Priest of Okawaru.
             Mangled by a very large slime creature (47 damage)
             ... on level 12 of the Dungeon.
             The game lasted 00:19:55 (15633 turns).

SirBarden the Protected (Formicid Fighter)         Turns: 15633, Time: 00:19:56

Health: -11/96     AC: 19    Str: 26    XL:     12   Next: 18%
Magic:  0/16       EV: 11    Int:  8    God:    Okawaru [*****.]
Gold:   317        SH:  6    Dex: 13    Spells: 11/11 levels left

rFire   . . .      SeeInvis +   N - +0 great mace
rCold   . . .      Faith    .   c - +0 buckler
rNeg    . . .      Spirit   +   D - +0 plate armour
rPois   .          Reflect  .   (helmet unavailable)
rElec   .          Harm     .   (no cloak)
rCorr   +          Rampage  .   p - +0 pair of gloves
Will    +....                   (no boots)
Stlth   ..........              K - amulet of guardian spirit
HPRegen 0.26/turn               x - ring of resist corrosion
MPRegen 0.15/turn               z - ring of flight

@: heroic, flying
A: permanent stasis, dig shafts and tunnels, antennae 3, four strong arms
a: Dig, Shaft Self, Renounce Religion, Heroism, Finesse, Duel


You were on level 12 of the Dungeon.
You worshipped Okawaru.
Okawaru was extremely pleased with you.
You visited 2 branches of the dungeon, and saw 13 of its levels.

You collected 669 gold pieces.
You spent 352 gold pieces at shops.

Inventory:

Hand Weapons
 N - a +0 great mace (weapon)
Missiles
 E - 2 throwing nets
Armour
 c - a +0 buckler (worn)
 p - a +0 pair of gloves (worn)
 D - a +0 plate armour (worn)
Jewellery
 x - a ring of resist corrosion (left hand)
 z - a ring of flight (right hand)
 I - a ring of fire
 K - an amulet of guardian spirit (around neck)
Wands
 f - a wand of flame (6)
 r - a wand of paralysis (19)
 A - a wand of mindburst (13)
 L - a wand of iceblast (5)
Scrolls
 b - a scroll of identify
 d - a scroll of enchant weapon {unknown}
 j - 3 scrolls of vulnerability
 k - 2 scrolls of fear
 l - 8 scrolls of teleportation
 n - 2 scrolls of immolation
 o - 2 scrolls of blinking
 q - 6 scrolls of noise
 t - a scroll of poison {unknown}
 v - a scroll of magic mapping
 w - a scroll of brand weapon
 y - a scroll of amnesia
 B - a scroll of fog {unknown}
 F - a scroll of torment
 J - a scroll of enchant armour {unknown}
 M - 2 scrolls of acquirement {unknown}
Potions
 a - a potion of brilliance
 e - a potion of mutation
 g - a potion of resistance {unknown}
 h - a potion of attraction
 i - 6 potions of curing
 m - 3 potions of flight {unknown}
 s - a potion of berserk rage {unknown}
 u - 2 potions of lignification {unknown}
 C - 2 potions of magic {unknown}
 H - 3 potions of invisibility
 O - a potion of cancellation {unknown}


   Skills:
 * Level 9.6(14.6) Fighting
 * Level 10.4(15.4) Maces & Flails
 * Level 11.0(16.0) Armour
 + Level 4.8(9.8) Dodging
 - Level 0.9(5.9) Stealth
 - Level 5.0(10.0) Shields
 + Level 6.0 Invocations
 + Level 5.4 Evocations


You had 11 spell levels left.
You didn't know any spells.
Your spell library contained the following spells:

 Spells                   Type           Power      Damage    Failure   Level
 Sublimation of Blood     Necr           0%         N/A       99%         2
 Wereblood                Tmut           0%         N/A       99%         2
 Ozocubu's Armour         Ice            0%         N/A       100%        3
 Alistair's Intoxication  Tmut/Pois      0%         N/A       100%        5
 Irradiate                Conj/Tmut      0%         3d11      100%        5
 Ozocubu's Refrigeration  Ice            0%         4d7       100%        7
 Necromutation            Tmut/Necr      0%         N/A       100%        8
 Summon Hydra             Summ           Unusable   N/A       N/A         7

Dungeon Overview and Level Annotations

Branches:
Dungeon (12/15)            Temple (1/1) D:6            Lair (0/5) D:11
    Orc: D:9-12

Altars:
Ashenzari
Cheibriados
Dithmenos
Elyvilon
Fedhas
Gozag
Hepliaklqana
Kikubaaqudgha
Makhleb
Nemelex Xobeh
Okawaru
Qazlal
Ru
Sif Muna
Trog
Uskayaw
Vehumet
Wu Jian
Xom
Yredelemnul
Zin
The Shining One

Shops:
D:9 !


Innate Abilities, Weirdness & Mutations

You cannot be hasted, slowed, berserked, paralysed or teleported.
You can dig through walls and to a lower floor.
You have a pair of large antennae on your head. (SInv)
Your four strong arms can wield two-handed weapons with a shield.


Message History

The slime creature hits you but does no damage.
Two slime creatures merge to form a large slime creature.
You bludgeon the large slime creature!!
The large slime creature is heavily wounded.
You hit the large slime creature but do no damage.
The large slime creature is heavily wounded.
Two slime creatures merge to form a very large slime creature.
Okay, then.
You gain the combat prowess of a mighty hero.
You hit the very large slime creature but do no damage.
The very large slime creature is moderately wounded.
The very large slime creature hits you!!!
You barely miss the very large slime creature.
The very large slime creature is moderately wounded.
You block the very large slime creature's attack.
You bludgeon the very large slime creature!!
The very large slime creature is heavily wounded.
The very large slime creature hits you!!
* * * LOW HITPOINT WARNING * * *
You sock the very large slime creature!
The very large slime creature is heavily wounded.
The very large slime creature hits you but does no damage.
You feel much better.
You block the very large slime creature's attack.
You barely miss the very large slime creature.
The very large slime creature is heavily wounded.
The very large slime creature hits you!
You hit the very large slime creature.
The very large slime creature is heavily wounded.
The very large slime creature hits you but does no damage.
You barely miss the very large slime creature.
The very large slime creature is heavily wounded.
The very large slime creature barely misses you.
You sock the very large slime creature!
The very large slime creature is heavily wounded.
The very large slime creature closely misses you.
You hit the very large slime creature.
The very large slime creature is heavily wounded.
The very large slime creature hits you!!!
You die...

#########
#..J@<..#
.....#####.#
### #


You could see a very large slime creature.

Vanquished Creatures
  A hydra (D:11)
  Erica (D:10)
  A two-headed ogre (D:11)
  2 tengu warriors (D:11)
  An unseen horror (D:11)
  3 trolls
  2 polar bears (D:10)
  A hornet (D:9)
  2 slime creatures (D:12)
  2 shadows (D:9)
  2 wraiths
  2 water elementals (D:11)
  10 yaks
  A wyvern (D:10)
  2 steam dragons
  Menkaure (D:6)
  Edmund (D:6)
  2 acid dragons
  3 water moccasins
  2 ice beasts
  2 sky beasts (D:8)
  3 orc warriors
  A sky beast (shapeshifter) (D:10)
  3 wolves (D:11)
  2 centaurs
  3 phantoms
  A kobold brigand (D:8)
  Blork the orc (D:6)
  A necrophage (D:4)
  2 bullfrogs
  2 scorpions
  A gnoll sergeant (D:9)
  4 wights (D:8)
  12 killer bees
  2 howler monkeys (D:10)
  An electric eel (D:11)
  5 hounds
  2 jellies
  6 orc priests
  3 gnoll boudas
  An iguana (D:4)
  Ijyb (D:5)
  10 orc wizards
  4 adders
  13 gnolls
  A shadow imp (D:5)
  A white imp (D:5)
  2 ufetubi
  2 worms (D:2)
  6 dart slugs
  20 orcs
  4 bats
  9 endoplasms
  A giant cockroach (D:4)
  7 goblins
  8 hobgoblins
  11 jackals
  2 quokkas (D:1)
  7 ball pythons
  A frilled lizard (D:2)
  12 kobolds
  5 rats
227 creatures vanquished.

Vanquished Creatures (others)
  An orc wizard (D:8)
1 creature vanquished.

Grand Total: 228 creatures vanquished

Notes
Turn   | Place    | Note
-------+----------+-------------------------------------------
     0 | D:1      | SirBarden the Formicid Fighter began the quest for the Orb.
     0 | D:1      | Reached XP level 1. HP: 18/18 MP: 1/1
   126 | D:1      | Reached XP level 2. HP: 22/24 MP: 2/2
   254 | D:1      | Reached XP level 3. HP: 29/29 MP: 3/3
   906 | D:2      | Reached skill level 4 in Armour
   923 | D:2      | Reached XP level 4. HP: 33/35 MP: 4/4
  1087 | D:2      | Found a bloodstained altar of Trog.
  2116 | D:3      | Reached XP level 5. HP: 36/42 MP: 5/5
  2263 | D:3      | Found a glowing silver altar of Zin.
  2269 | D:3      | Found a shadowy altar of Dithmenos.
  2279 | D:3      | Found an ancient bone altar of Kikubaaqudgha.
  2521 | D:3      | Found a faded altar of an unknown god.
  2610 | D:4      | Noticed a phantom
  2627 | D:3      | Killed a phantom
  2628 | D:3      | Reached XP level 6. HP: 32/48 MP: 6/6
  2856 | D:4      | Reached skill level 5 in Armour
  3095 | D:4      | Reached skill level 5 in Maces & Flails
  3095 | D:4      | Reached XP level 7. HP: 38/54 MP: 7/7
  3863 | D:5      | Entered Level 5 of the Dungeon
  3971 | D:5      | Noticed Ijyb
  3977 | D:5      | Killed Ijyb
  4190 | D:5      | Noticed a water moccasin
  4236 | D:5      | Killed a water moccasin
  4237 | D:5      | Reached skill level 6 in Armour
  4237 | D:5      | Reached XP level 8. HP: 19/61 MP: 8/8
  5036 | D:6      | Noticed Blork the orc
  5048 | D:6      | Killed Blork the orc
  5049 | D:6      | Reached skill level 1 in Dodging
  5394 | D:6      | Found a basalt altar of Yredelemnul.
  5658 | D:6      | Noticed Edmund
  5669 | D:6      | Reached skill level 5 in Fighting
  5713 | D:6      | Noticed Menkaure
  5723 | D:6      | Killed Menkaure
  5724 | D:6      | Reached skill level 7 in Armour
  5724 | D:6      | Reached skill level 5 in Shields
  6262 | D:6      | Found a staircase to the Ecumenical Temple.
  6433 | D:7      | Reached XP level 9. HP: 45/65 MP: 9/9
  6565 | D:6      | Killed Edmund
  6573 | Temple   | Entered the Ecumenical Temple
  6831 | Temple   | Became a worshipper of Warmaster Okawaru
  7657 | D:7      | Reached skill level 1 in Invocations
  7657 | D:7      | Reached skill level 1 in Evocations
  7852 | D:7      | Found a hide-covered altar of Uskayaw.
  8048 | D:8      | Reached skill level 8 in Armour
  8056 | D:8      | Reached * piety under Okawaru
  8064 | D:8      | HP: 1/69 [yak (13)]
  8135 | D:8      | Reached XP level 10. HP: 25/77 MP: 11/11
  8653 | D:8      | Reached ** piety under Okawaru
  8957 | D:8      | Reached skill level 9 in Armour
 10245 | D:9      | Reached *** piety under Okawaru
 10836 | D:9      | Found Onetti's Distillery.
 10844 | D:9      | Bought a potion of heal wounds for 55 gold pieces
 10844 | D:9      | Bought a potion of invisibility for 88 gold pieces
 10844 | D:9      | Bought a potion of curing for 33 gold pieces
 11772 | D:9      | Bought 2 potions of invisibility for 176 gold pieces
 11781 | D:10     | Entered Level 10 of the Dungeon
 11820 | D:10     | Reached XP level 11. HP: 66/86 MP: 14/14
 11956 | D:10     | Found a bloodstained altar of Trog.
 11978 | D:10     | Reached **** piety under Okawaru
 12287 | D:10     | Noticed Erica
 12305 | D:10     | Killed Erica
 12306 | D:10     | Reached skill level 10 in Armour
 12910 | D:10     | Reached skill level 5 in Invocations
 13582 | D:11     | Noticed a tengu warrior
 13615 | D:11     | Killed a tengu warrior
 13913 | D:11     | Noticed a tengu warrior
 13939 | D:11     | Killed a tengu warrior
 13939 | D:11     | Reached ***** piety under Okawaru
 13940 | D:11     | Reached skill level 10 in Maces & Flails
 14117 | D:11     | Found a staircase to the Lair.
 14140 | D:11     | Reached skill level 5 in Evocations
 14332 | D:11     | Noticed a four-headed hydra
 14344 | D:11     | Killed a four-headed hydra
 14344 | D:11     | Received a gift from Okawaru
 14704 | D:11     | Got the Excursus on Transformation
 14790 | D:11     | Reached XP level 12. HP: 74/95 MP: 10/16
 14992 | D:11     | Noticed a two-headed ogre
 15004 | D:11     | Killed a two-headed ogre
 15607 | D:12     | Reached skill level 11 in Armour
 15633 | D:12     | Mangled by a very large slime creature

Illustrated notes

Levels and vault maps discovered:
D:1:      amcnicky_arrival_flooded_fountain, layout_basic
D:2:      minmay_evil_eye, layout_loops_corners, basic_altar,
          kennysheep_generic_room_16
D:3:      layout_basic, minmay_overflow_temple_star_quad,
          shapermc_ecumenical_altar_mp_highgroup, kennysheep_generic_room_13
D:4:      layout_cave_pools
D:5:      layout_basic, uniq_ijyb
D:6:      layout_cave_pods, yredelemnul_altar_generic,
          minmay_temple_entry_from_below_b, nrook_loot_triangle, uniq_edmund,
          uniq_blork_the_orc, uniq_menkaure
D:7:      layout_cave_pools, mainiacjoe_overflow_alcove_2
D:8:      layout_loops_ring, grunt_ministairs_13
D:9:      layout_basic, serial_shops, shop, hangedman_abyss_or_decor_stabs,
          nicolae_sextant, feat_on_display
D:10:     layout_roguey, trog_ov_bears_minmay, uniq_erica
D:11:     layout_cave_pods, erik_lair_island
D:12:     layout_loops_corners, david_orc_3
Temple:   regret_index_temple_sphere_string

Skill      XL: |  1  2  3  4  5  6  7  8  9 10 11 12 |
---------------+-------------------------------------+-----
Armour         | 4 5 6 7 8 9 10 11 | 11.0
Maces & Flails | 3 4 5 6 7 8 9 10 | 10.4
Fighting       | 4 5 6 7 9 |  9.6
Dodging        | 1 2 3 4 |  4.8
Shields        | 5 |  5.0
Invocations    | 2 4 5 6 |  6.0
Evocations     | 2 3 5 |  5.4
Stealth        | |  0.9

Action                   |  1- 3 |  4- 6 |  7- 9 | 10-12 || total
-------------------------+-------+-------+-------+-------++-------
Melee: Flail             |    97 |   135 |   231 |    83 ||   546
       Morningstar       |       |       |       |   348 ||   348
       Great mace        |       |       |       |    88 ||    88
Invok: Heroism           |       |       |     1 |     6 ||     7
 Abil: Dig               |       |       |     9 |     8 ||    17
  Use: Potion            |       |     1 |     4 |     1 ||     6
       Scroll            |       |     9 |     4 |     1 ||    14
 Stab: Confused          |       |       |       |     1 ||     1
Armor: Scale mail        |    73 |    68 |    64 |     2 ||   207
       Plate armour      |       |       |       |   331 ||   331
Dodge: Dodged            |    57 |    63 |    85 |   220 ||   425
Block: Buckler           |    19 |    31 |    36 |   130 ||   216
